[Event "Titled Tuesday Blitz April 18 Early 2023"]
[White "Andrews, Todd"]
[Black "Dehtiarov, Roman"]
[WhiteFideId "2012456"]
[BlackFideId "14186640"]
[WhiteElo "2433"]
[BlackElo "2189"]
[Result "0-1"]
[Round "04"]
[TimeControl "180+2"]
[Date "2023.04.18"]
[WhiteClock "0:00:15"]
[BlackClock "0:02:07"]

1. e4 e5 2. Nf3 Nc6 3. Bb5 a6 4. Ba4 Nf6 5. O-O Be7 6. Bxc6 dxc6 7. Qe1 Nd7 8. b3 f6 9. Bb2 c5 10. Nh4 Nb8 11. f4 exf4 12. Rxf4 O-O 13. Nf5 Bxf5 14. exf5 Nc6 15. Na3 Bd6 16. Rg4 Be5 17. c3 Qd7 18. Qf2 Rad8 19. Nc4 b5 20. Nxe5 Nxe5 21. Re4 Nd3 22. Qe3 Nxb2 23. d4 Rfe8 24. Rb1 Rxe4 25. Qxe4 cxd4 26. cxd4 Qxd4+ 27. Qxd4 Rxd4 28. Rxb2 Rd5 29. g4 h5 30. h3 Kh7 31. Kf2 Kh6 32. Rc2 c5 33. Kf3 hxg4+ 34. hxg4 Kg5 35. Rh2 Rd3+ 36. Ke2 Rd4 37. Rh7 Rxg4 38. Rxg7+ Kxf5 39. Ra7 Rg2+ 40. Kd3 Rxa2 41. Rc7 c4+ 42. bxc4 bxc4+ 43. Rxc4 Kg5 44. Rc8 f5 45. Ke3 Ra3+ 46. Kf2 Kg4 47. Rg8+ Kf4 48. Ke2 Ra2+ 49. Kd3 Kf3 50. Kc3 f4 51. Kb3 Ra5 52. Kb4 Rb5+ 53. Kc4 Rb1 54. Rg6 Ra1 55. Kb3 Kf2 56. Kb2 Ra5 57. Kc3 f3 58. Kd3 Kf1 59. Ke3 f2 60. Rf6 Ra3+ 61. Kd4 a5 62. Kc4 Rg3 63. Kb5 Kg1 64. Kxa5 f1=Q 0-1


[Site "https://www.chess.com"]

[Event "Titled Tuesday Blitz April 18 Early 2023"]
[White "Martinez Ramirez, Lennis"]
[Black "Pein, Jonathan"]
[WhiteFideId "3509079"]
[BlackFideId "417092"]
[WhiteElo "2410"]
[BlackElo "2151"]
[Result "1-0"]
[Round "04"]
[TimeControl "180+2"]
[Date "2023.04.18"]
[WhiteClock "0:00:14"]
[BlackClock "0:00:25"]

1. d4 d6 2. e4 Nf6 3. Bd3 e5 4. c3 g6 5. f4 exd4 6. cxd4 Bg7 7. Nc3 O-O 8. Nf3 Bg4 9. h3 Bxf3 10. Qxf3 Nc6 11. Qf2 Nxd4 12. Qxd4 Nxe4 13. Qxe4 Re8 14. O-O Rxe4 15. Bxe4 c6 16. f5 d5 17. Bf3 Qb6+ 18. Kh1 Re8 19. fxg6 hxg6 20. a4 a6 21. a5 Qb4 22. Ra4 Qd6 23. Bf4 Be5 24. Bxe5 Rxe5 25. Ne2 Re3 26. Rf4 Qd8 27. Rb4 Re7 28. Rd1 Qxa5 29. Rh4 Qb5 30. Rd2 Qa5 31. b4 Qa1+ 32. Kh2 Qe1 33. Rhd4 Rxe2 34. Rxe2 Qc3 35. Rf4 g5 36. Rf5 f6 37. Re6 Kf7 38. Rd6 Ke7 39. Rdxf6 Qxf6 40. Rxf6 Kxf6 41. Kg3 Kf5 42. Bg4+ Ke5 43. Bc8 b6 44. Bxa6 c5 45. bxc5 bxc5 46. Kg4 Kf6 47. Bb7 d4 48. Ba6 Ke5 49. Kxg5 Kd5 50. Kf4 c4 51. Kf3 d3 52. Ke3 Ke5 53. Bxc4 d2 54. Kxd2 Kf4 55. Bd5 Kg5 56. Bf3 Kh6 57. Ke2 Kg7 58. Ke3 Kh6 59. Kf4 Kg7 60. Kg4 Kh6 61. h4 Kg7 62. h5 Kh6 63. Kh4 Kg7 64. Kg5 Kh7 65. h6 Kh8 66. Be4 Kg8 67. Kg6 Kh8 68. g4 Kg8 69. Kf6 Kh8 70. g5 Kg8 71. g6 Kh8 72. g7+ Kg8 73. Bd5+ 1-0


[Site "https://www.chess.com"]

[Event "Titled Tuesday Blitz April 18 Early 2023"]
[White "Mrudul Dehankar"]
[Black "Bocharov, Dmitry"]
[WhiteFideId "25096990"]
[BlackFideId "4138716"]
[WhiteElo "2139"]
[BlackElo "2469"]
[Result "0-1"]
[Round "04"]
[TimeControl "180+2"]
[Date "2023.04.18"]
[WhiteClock "0:00:01"]
[BlackClock "0:00:57"]

1. e4 c5 2. Nf3 d6 3. d4 cxd4 4. Nxd4 Nf6 5. Nc3 a6 6. Bg5 e6 7. f4 b5 8. e5 dxe5 9. fxe5 Qc7 10. exf6 Qe5+ 11. Be2 Qxg5 12. O-O Ra7 13. Kh1 Rd7 14. Qd3 Qe5 15. Nf3 Qxf6 16. Ne4 Qxb2 17. Qe3 Be7 18. a4 Bb7 19. Bd3 Bxe4 20. Bxe4 O-O 21. axb5 axb5 22. Rab1 Qa3 23. Qxa3 Bxa3 24. Rxb5 Rc7 25. Bd3 Nd7 26. Ng5 g6 27. Ne4 Be7 28. Rfb1 Rfc8 29. h3 Kg7 30. Rb7 Ne5 31. Rxc7 Rxc7 32. Kg1 f5 33. Nf2 Bc5 34. Kf1 Kf6 35. Re1 Rd7 36. Bc4 Nxc4 0-1


[Site "https://www.chess.com"]

[Event "Titled Tuesday Blitz April 18 Early 2023"]
[White "Sandoval Mercado, Carlos"]
[Black "Sammed Jaykumar, Shete"]
[WhiteFideId "5109434"]
[BlackFideId "5073421"]
[WhiteElo "2257"]
[BlackElo "2278"]
[Result "0-1"]
[Round "04"]
[TimeControl "180+2"]
[Date "2023.04.18"]
[WhiteClock "0:01:12"]
[BlackClock "0:00:48"]

1. d4 Nf6 2. Nc3 d5 3. Bf4 c6 4. e3 Bf5 5. f3 e6 6. g4 Bg6 7. h4 h5 8. g5 Nfd7 9. Bd3 Bxd3 10. Qxd3 Na6 11. O-O-O b5 12. g6 f6 13. e4 Nb6 14. Nxb5 Nb4 15. Nc7+ Kd7 16. Qe2 Na4 17. exd5 Nxa2+ 18. Kd2 e5 19. Nxa8 Qa5+ 20. Ke3 exf4+ 21. Kxf4 Bd6+ 0-1


[Site "https://www.chess.com"]

[Event "Titled Tuesday Blitz April 18 Early 2023"]
[White "Skvortsov, Andrei"]
[Black "Liu, Casper"]
[WhiteFideId "24108600"]
[BlackFideId "1454153"]
[WhiteElo "2259"]
[BlackElo "2221"]
[Result "1-0"]
[Round "04"]
[TimeControl "180+2"]
[Date "2023.04.18"]
[WhiteClock "0:01:52"]
[BlackClock "0:00:06"]

1. e4 c5 2. d4 cxd4 3. Qxd4 Nc6 4. Qd3 g6 5. Nc3 Bg7 6. Nf3 Nf6 7. Be2 O-O 8. O-O d6 9. Nd5 Be6 10. c3 Rc8 11. Rd1 a6 12. Bg5 Bxd5 13. exd5 Ne5 14. Nxe5 dxe5 15. d6 exd6 16. Bf3 h6 17. Bxf6 Qxf6 18. Bxb7 Rb8 19. Qxa6 Qe7 20. Be4 Rxb2 21. Qxd6 Qa7 22. Rf1 Rxa2 23. Rxa2 Qxa2 24. Bd5 Qd2 25. Bxf7+ 1-0


[Site "https://www.chess.com"]

[Event "Titled Tuesday Blitz April 18 Early 2023"]
[White "O`Gorman, Tom"]
[Black "Arat, Ufuk Sezen"]
[WhiteFideId "2508249"]
[BlackFideId "6309089"]
[WhiteElo "2271"]
[BlackElo "2289"]
[Result "1/2-1/2"]
[Round "04"]
[TimeControl "180+2"]
[Date "2023.04.18"]
[WhiteClock "0:00:11"]
[BlackClock "0:00:08"]

1. e4 c5 2. Nf3 e6 3. d4 cxd4 4. Nxd4 Nc6 5. Nc3 Qc7 6. Be3 a6 7. g4 b5 8. g5 Bb7 9. Bg2 Nxd4 10. Qxd4 Ne7 11. f4 Nc6 12. Qd2 Na5 13. O-O-O Nc4 14. Qd4 Nxe3 15. Qxe3 Bc5 16. Qd2 O-O 17. Rhe1 Rac8 18. e5 Bb4 19. Bxb7 Qxb7 20. Re3 Qb6 21. a3 Bc5 22. Rd3 Rc6 23. Ne4 b4 24. Nxc5 bxa3 25. Na4 a2 26. Ra3 Qb3 27. Qd3 Rxc2+ 28. Qxc2 Qxa3 29. bxa3 a1=Q+ 30. Kd2 Qd4+ 31. Ke2 Qxf4 32. Nc5 Qxh2+ 33. Kd3 Qxe5 34. Nxd7 Qb5+ 35. Ke3 Qxg5+ 36. Kf2 Rd8 37. Qc3 Qf5+ 38. Ke1 Qe4+ 39. Kf1 Qh1+ 40. Ke2 Qe4+ 41. Kf2 Re8 42. Qf3 Qc2+ 43. Kg1 h6 44. Ne5 Qf5 45. Qxf5 exf5 46. Nf3 Re3 47. Kf2 Rxa3 48. Rd8+ Kh7 49. Rd7 f6 50. Nh4 Ra5 51. Kf3 Kg8 52. Ra7 g5 53. Ng6 Ra3+ 54. Kg2 g4 55. Nf4 a5 56. Nh5 a4 57. Nxf6+ Kf8 58. Kf2 g3+ 59. Kg2 f4 60. Rd7 Rc3 61. Nh7+ Ke8 62. Nf6+ Kf8 63. Nh7+ Ke8 64. Nf6+ Kf8 1/2-1/2


[Site "https://www.chess.com"]

[Event "Titled Tuesday Blitz April 18 Early 2023"]
[White "Akylbek2021"]
[Black "Skliarov, Viktor"]
[BlackFideId "14106736"]
[WhiteElo "2413"]
[BlackElo "2317"]
[Result "1-0"]
[Round "04"]
[TimeControl "180+2"]
[Date "2023.04.18"]
[WhiteClock "0:00:24"]
[BlackClock "0:00:02"]

1. e4 c5 2. Nf3 Nc6 3. Bb5 e6 4. O-O Nge7 5. Re1 Nd4 6. Nxd4 cxd4 7. c3 a6 8. Bf1 Nc6 9. d3 Bc5 10. c4 O-O 11. Nd2 b5 12. a3 bxc4 13. Nxc4 d5 14. Nd2 dxe4 15. Nxe4 Be7 16. b4 Bb7 17. Bb2 Qd5 18. Rc1 a5 19. Nc5 Rab8 20. Nxb7 Rxb7 21. Be2 Rb6 22. Bf3 Qd6 23. b5 Ne5 24. Rxe5 Qxe5 25. a4 Bb4 26. Qb3 Bc3 27. Bxc3 Rc8 28. Re1 Rxc3 29. Qxc3 dxc3 30. Rxe5 f6 31. Rc5 Rd6 32. Rxc3 1-0


[Site "https://www.chess.com"]

[Event "Titled Tuesday Blitz April 18 Early 2023"]
[White "Delorme, Axel"]
[Black "Dimitrov, Atanas"]
[WhiteFideId "632023"]
[BlackFideId "2901315"]
[WhiteElo "2478"]
[BlackElo "2665"]
[Result "0-1"]
[Round "04"]
[TimeControl "180+2"]
[Date "2023.04.18"]
[WhiteClock "0:00:10"]
[BlackClock "0:00:12"]

1. e4 c5 2. Nf3 d6 3. Bb5+ Bd7 4. Bxd7+ Nxd7 5. O-O Ngf6 6. Qe2 g6 7. b3 Bg7 8. Bb2 O-O 9. d4 cxd4 10. Nxd4 Rc8 11. c4 a6 12. Nc3 Ne5 13. Rad1 Qc7 14. Nd5 Nxd5 15. exd5 Rfe8 16. Rfe1 Nd7 17. h4 Nf6 18. Rd3 h5 19. Re3 Kf8 20. f3 Qd7 21. Qd3 Kg8 22. Qe2 Rc7 23. Qd3 Bh6 24. R3e2 Qc8 25. Nf5 Qxf5 26. Qxf5 gxf5 27. Bxf6 Kf8 28. Bg5 Bxg5 29. hxg5 Kg7 30. f4 b5 31. Rc2 Rec8 32. Rec1 Rc5 33. Kf2 Kg6 34. Ke3 b4 35. g3 a5 36. Kd4 Ra8 37. Rh2 Rcc8 38. Rch1 Rh8 39. Re1 Ra7 40. Rhe2 Re8 41. c5 dxc5+ 42. Kxc5 Rd7 43. Re5 Rc8+ 44. Kd4 Rcc7 45. R1e2 e6 46. R2e3 Rc1 47. Rd3 Rc2 48. Ke3 Rxd5 49. Rdxd5 exd5 50. Rxd5 Rxa2 51. Kd3 Rg2 52. Rxa5 Rxg3+ 53. Kc4 Rg4 54. Kxb4 Rxf4+ 55. Kc5 Kxg5 56. b4 h4 57. b5 Rf1 58. b6 Rc1+ 59. Kd6 Rb1 60. Kc6 h3 61. Rb5 Rxb5 62. Kxb5 h2 63. b7 h1=Q 64. b8=Q Qb1+ 0-1


[Site "https://www.chess.com"]

[Event "Titled Tuesday Blitz April 18 Early 2023"]
[White "Toropov, Pavel"]
[Black "kuanysh1981"]
[WhiteFideId "24129178"]
[WhiteElo "2182"]
[BlackElo "2404"]
[Result "1-0"]
[Round "04"]
[TimeControl "180+2"]
[Date "2023.04.18"]
[WhiteClock "0:00:07"]
[BlackClock "0:00:01"]

1. e4 e6 2. d4 d5 3. exd5 exd5 4. Bd3 Bd6 5. Nf3 Nf6 6. h3 h6 7. O-O O-O 8. Nc3 Be6 9. Nb5 Be7 10. Bf4 Na6 11. Re1 c6 12. Nc3 Nb4 13. Bf1 Bf5 14. Rc1 a5 15. a3 Na6 16. Ne5 Re8 17. g4 Bh7 18. f3 Nc7 19. Bg3 Ne6 20. Ne2 Nd7 21. Nd3 Bh4 22. c3 Bxg3 23. Nxg3 Qc7 24. Kf2 Nf4 25. Nxf4 Qxf4 26. Nh5 Qh2+ 27. Bg2 Qd6 28. Qd2 g5 29. Bf1 Bg6 30. Ng3 Kg7 31. Bd3 Nf6 32. Bf5 a4 33. Rxe8 Rxe8 34. Re1 Rxe1 35. Qxe1 Qf4 36. Qe3 Qd6 37. Qe5 Qd8 38. f4 gxf4 39. Qxf4 Qb6 40. Qd2 Kh7 41. Kg2 Qc7 42. Qf2 Qe7 43. Qf4 Kg7 44. Qe5 Qd8 45. Ne2 Kh7 46. Nf4 Bxf5 47. Qxf5+ Kg7 48. h4 Kg8 49. g5 hxg5 50. hxg5 Ne4 51. Nh3 Qe7 52. Kf3 Nd6 53. Qf4 Nc4 54. Nf2 Qe1 55. Ng4 Nd2+ 56. Kg2 Qe2+ 57. Kh3 Qd3+ 58. Kh4 Nf3+ 59. Kg3 Ne5+ 60. Qe3 Qxe3+ 61. Nxe3 Nd3 62. Nd1 Kg7 63. Kf3 Kg6 64. Ke3 Nc1 65. Kf4 Nd3+ 66. Ke3 Nc1 67. Kf4 Nd3+ 68. Kg4 Nc1 69. Kh4 Nd3 70. Kg4 Nc1 71. Nf2 Ne2 72. Nh3 Nc1 73. Nf4+ Kg7 74. Kf5 Nb3 75. Ke5 Nd2 76. Nd3 1-0


[Site "https://www.chess.com"]

[Event "Titled Tuesday Blitz April 18 Early 2023"]
[White "Rangel, Daniel"]
[Black "Mendez Fortes, Eduardo Jesus"]
[WhiteFideId "2124475"]
[BlackFideId "3502376"]
[WhiteElo "2256"]
[BlackElo "2307"]
[Result "0-1"]
[Round "04"]
[TimeControl "180+2"]
[Date "2023.04.18"]
[WhiteClock "0:00:15"]
[BlackClock "0:00:13"]

1. c4 e6 2. g3 d5 3. Bg2 Nf6 4. Nf3 Be7 5. O-O O-O 6. b3 d4 7. e3 c5 8. exd4 cxd4 9. d3 Nc6 10. Bf4 Re8 11. Ne5 Nxe5 12. Bxe5 Bc5 13. Nd2 Nd7 14. Bf4 e5 15. Bd5 exf4 16. Qh5 Rf8 17. Ne4 Be7 18. Kh1 Nb6 19. gxf4 Nxd5 20. cxd5 g6 21. Rg1 Bf6 22. f5 Bg7 23. fxg6 fxg6 24. Qe2 Qxd5 25. f3 Bf5 26. Rg5 Rae8 27. Rag1 Bxe4 28. fxe4 Qf7 29. R5g2 Qf3 30. Qc2 Rc8 31. Qd2 Rc3 32. Rd1 Rfc8 33. Rg1 Rc2 34. Qg5 Rxg2 35. Qxg2 Qxg2+ 36. Kxg2 Bh6 37. Kf3 Be3 38. Rg2 Rf8+ 39. Kg4 Kg7 40. e5 Rf5 41. Rc2 Rxe5 42. Rc7+ Kh6 43. Rxb7 a5 44. a4 Bd2 45. Rb8 Bc3 46. Kf3 Re3+ 47. Kf4 Rxd3 48. Rb5 Rh3 49. Ke4 Rh5 50. Rb7 Rxh2 51. Kd3 Rh3+ 52. Kc4 Bb4 53. Rd7 Rc3+ 54. Kb5 Rxb3 55. Rxd4 Bc3+ 56. Kc4 Bxd4 57. Kxb3 Bc5 58. Kc4 Bb4 59. Kb5 Kg5 60. Kc4 h5 61. Kd3 Kf4 62. Ke2 g5 63. Kf1 h4 64. Kg2 g4 65. Kh1 Kf3 66. Kg1 g3 67. Kh1 g2+ 68. Kh2 Bd6+ 69. Kh3 g1=Q 70. Kxh4 Qg4# 0-1


[Site "https://www.chess.com"]

[Event "Titled Tuesday Blitz April 18 Early 2023"]
[White "Karthik Rajaa"]
[Black "Koridze, Lile"]
[WhiteFideId "25035215"]
[BlackFideId "13612514"]
[WhiteElo "2215"]
[BlackElo "2047"]
[Result "1-0"]
[Round "04"]
[TimeControl "180+2"]
[Date "2023.04.18"]
[WhiteClock "0:00:27"]
[BlackClock "0:00:02"]

1. d3 Nf6 2. Nc3 d5 3. Nf3 e6 4. g3 c5 5. Bg2 Nc6 6. O-O Bd6 7. e3 O-O 8. Ne2 b6 9. b3 Bb7 10. c4 Qe7 11. Bb2 Rfd8 12. a3 e5 13. cxd5 Nxd5 14. Qc2 Nf6 15. Nc3 Bc7 16. Ne4 Nxe4 17. dxe4 Rd7 18. Bh3 Rd6 19. Nh4 g6 20. Rfd1 Rad8 21. Bf1 Nb8 22. Rxd6 Qxd6 23. Nf3 Qe7 24. Bc4 a6 25. a4 Nc6 26. Bc3 Qf6 27. Kg2 Nb8 28. h4 h6 29. h5 g5 30. Nh2 Nd7 31. Ng4 Qg7 32. Rd1 Nf6 33. Rxd8+ Bxd8 34. Nxf6+ Qxf6 35. Qd3 g4 36. Bxe5 Qxe5 37. Qxd8+ Kg7 38. Bd5 Bxd5 39. Qxd5 Qf6 40. e5 Qf5 41. Qc4 Qf3+ 42. Kg1 Qd1+ 43. Kh2 Qf3 44. Qc2 Qd5 45. Qe2 Qe6 46. Qxa6 Qxe5 47. Qxb6 Qf5 48. Kg1 Qf3 49. Qd6 Qe2 50. Qxc5 Qe1+ 51. Kg2 Qe2 52. Qd4+ Kf8 53. Qf4 Kg7 54. a5 Qd1 55. a6 Qxb3 56. Qxg4+ Kf8 57. Qc8+ Kg7 58. Qb7 Qc3 59. a7 1-0


[Site "https://www.chess.com"]

[Event "Titled Tuesday Blitz April 18 Early 2023"]
[White "Tregubov, Pavel V."]
[Black "crosky"]
[WhiteFideId "4115341"]
[WhiteElo "2425"]
[BlackElo "2360"]
[Result "1-0"]
[Round "04"]
[TimeControl "180+2"]
[Date "2023.04.18"]
[WhiteClock "0:02:18"]
[BlackClock "0:00:35"]

1. e4 c6 2. Nf3 d5 3. Nc3 dxe4 4. Nxe4 Nf6 5. Qe2 Nxe4 6. Qxe4 Nd7 7. Bc4 Nf6 8. Ne5 e6 9. Qf4 Bd6 10. d4 b5 11. Bd3 Qc7 12. O-O O-O 13. Re1 Bb7 14. Qg3 Kh8 15. Qh4 h5 16. Bg5 Qe7 17. Ng4 1-0


[Site "https://www.chess.com"]

[Event "Titled Tuesday Blitz April 18 Early 2023"]
[White "Avramidou, Anastasia"]
[Black "Andersson, Bjorn 1971"]
[WhiteFideId "4239873"]
[BlackFideId "1702114"]
[WhiteElo "2160"]
[BlackElo "2176"]
[Result "1/2-1/2"]
[Round "04"]
[TimeControl "180+2"]
[Date "2023.04.18"]
[WhiteClock "0:00:03"]
[BlackClock "0:00:43"]

1. Nf3 c5 2. c4 Nc6 3. Nc3 g6 4. g3 Bg7 5. Bg2 d6 6. O-O Bd7 7. e3 Qc8 8. d4 cxd4 9. exd4 Bh3 10. Re1 Bxg2 11. Kxg2 h5 12. h4 Nh6 13. d5 Ne5 14. Qa4+ Qd7 15. Qxd7+ Kxd7 16. Nxe5+ Bxe5 17. Bd2 Nf5 18. Re4 Rac8 19. Rae1 a6 20. Na4 Kc7 21. Ba5+ Kb8 22. Nb6 Rc7 23. b3 Rg8 24. f4 Bf6 25. Na4 Rd7 26. Bc3 Bxc3 27. Nxc3 Rc8 28. a4 Ka7 29. R1e2 Kb6 30. Na2 Rdc7 31. Nb4 Ka5 32. Nd3 b5 33. axb5 axb5 34. b4+ Kb6 35. c5+ dxc5 36. bxc5+ Rxc5 37. Nxc5 Rxc5 38. d6 exd6 39. Re8 Nd4 40. Rd2 Nf5 41. Rf8 Rc7 42. Rb8+ Rb7 43. Rxb7+ Kxb7 44. Kf3 Kc6 45. g4 hxg4+ 46. Kxg4 Kc5 47. Kg5 d5 48. h5 Nd4 49. h6 Nf3+ 50. Kf6 Nxd2 51. h7 Ne4+ 52. Ke7 d4 53. h8=Q f5 54. Qc8+ Kb4 55. Ke6 d3 56. Qc1 d2 57. Qb1+ Kc3 58. Ke5 b4 59. Kd5 b3 60. Qa1+ b2 61. Qa5+ Kc2 62. Qa4+ Kc1 63. Qc4+ Kb1 64. Qd3+ Kc1 65. Qc4+ Kd1 66. Qb3+ Ke1 67. Qe3+ Kf1 68. Qf3+ Ke1 69. Qe3+ Kd1 70. Qb3+ Ke1 71. Qe3+ 1/2-1/2


[Site "https://www.chess.com"]

[Event "Titled Tuesday Blitz April 18 Early 2023"]
[White "Danielyan, Vahe"]
[Black "Schuh, Karsten"]
[WhiteFideId "13304828"]
[BlackFideId "4637950"]
[WhiteElo "2423"]
[BlackElo "2138"]
[Result "1/2-1/2"]
[Round "04"]
[TimeControl "180+2"]
[Date "2023.04.18"]
[WhiteClock "0:00:04"]
[BlackClock "0:00:06"]

1. d4 f5 2. g4 d5 3. gxf5 Bxf5 4. c4 Nf6 5. Nc3 e6 6. Nf3 Nc6 7. Bf4 Bb4 8. Rg1 O-O 9. e3 Ne4 10. Rc1 a5 11. Bd3 Nxc3 12. bxc3 Bd6 13. Bxd6 Qxd6 14. c5 Qe7 15. Rg3 Rad8 16. Bb5 Nb8 17. Ne5 c6 18. Be2 Nd7 19. Nxd7 Rxd7 20. Kd2 e5 21. Qg1 exd4 22. cxd4 Bg6 23. h4 b6 24. h5 Bf5 25. cxb6 Qb4+ 26. Kd1 Qxb6 27. Qe1 a4 28. Qc3 Rc7 29. Qc5 Qxc5 30. Rxc5 Bd7 31. Bf3 Rb7 32. Rxd5 Bc8 33. Rc5 Rxf3 34. Rxf3 Bg4 35. Rf5 Bxf3+ 36. Rxf3 Rb2 37. e4 Rxa2 38. e5 Rb2 39. e6 Rb8 40. Kc2 Re8 41. Re3 Kf8 42. f4 Ke7 43. f5 Kf6 44. Re5 Ke7 45. Kb2 Rd8 46. Kc3 a3 47. Ra5 Kf6 48. Ra7 a2 49. Rf7+ Kg5 50. Rxg7+ Kxf5 51. Kb2 Ra8 52. Ka1 Kxe6 53. Rxh7 Kf6 54. Rd7 Kg5 55. Rd6 Kxh5 56. Rxc6 Kg5 57. Re6 Kf5 58. Re5+ Kf6 59. Re2 Kf7 60. d5 Rd8 61. Re5 Kf6 62. Re6+ Kf7 63. Re5 Kf6 64. Rh5 Ke7 65. Kxa2 Kd6 66. Kb3 Kc5 67. d6+ Kxd6 68. Kc4 Rg8 69. Rh6+ Ke5 70. Rh5+ Kd6 71. Rd5+ Ke6 72. Rd4 Rg5 73. Rd3 1/2-1/2


[Site "https://www.chess.com"]

[Event "Titled Tuesday Blitz April 18 Early 2023"]
[White "chessjazda"]
[Black "Sadykov, Ramil"]
[BlackFideId "24113590"]
[WhiteElo "2332"]
[BlackElo "2245"]
[Result "0-1"]
[Round "04"]
[TimeControl "180+2"]
[Date "2023.04.18"]
[WhiteClock "0:00:06"]
[BlackClock "0:00:13"]

1. e4 e5 2. Nf3 Nf6 3. Nc3 Bb4 4. Bc4 Bxc3 5. dxc3 d6 6. Bg5 Be6 7. Qe2 Nbd7 8. O-O-O h6 9. Bxf6 Qxf6 10. a3 O-O 11. Rhe1 Bg4 12. Rd3 Nc5 13. Re3 Ne6 14. Bxe6 Qxe6 15. Kb1 Kh8 16. h3 Bh5 17. g4 Bg6 18. Nh4 Kh7 19. Nf5 f6 20. Rg3 Bf7 21. b3 g6 22. Ne3 a5 23. Kb2 a4 24. Qd1 c6 25. Re2 Rfd8 26. Rd2 b5 27. h4 Rd7 28. g5 fxg5 29. hxg5 h5 30. Ng2 axb3 31. cxb3 d5 32. exd5 cxd5 33. Re3 Qf5 34. Nh4 Qxg5 35. Nf3 Qf6 36. Nxe5 Rda7 37. a4 bxa4 38. b4 a3+ 39. Ka1 Bg8 40. f4 a2 41. Rh2 Qf5 42. Qd2 Qb1# 0-1


[Site "https://www.chess.com"]

[Event "Titled Tuesday Blitz April 18 Early 2023"]
[White "Zarubitski, Viachaslau"]
[Black "Ardila, Oscar Humberto"]
[WhiteFideId "13509373"]
[BlackFideId "4404742"]
[WhiteElo "2284"]
[BlackElo "1918"]
[Result "1-0"]
[Round "04"]
[TimeControl "180+2"]
[Date "2023.04.18"]
[WhiteClock "0:00:58"]
[BlackClock "0:00:56"]

1. f4 Nf6 2. Nf3 d6 3. g3 g6 4. Bg2 Bg7 5. O-O O-O 6. c4 Nbd7 7. Nc3 c6 8. d3 Qb6+ 9. Kh1 Ng4 10. d4 Qb4 11. e4 Qxc4 12. Nd2 Qb4 13. Qxg4 Bxd4 14. Qe2 Bxc3 15. bxc3 Qxc3 16. Rb1 Nc5 17. Bb2 Qa5 18. Nc4 Qxa2 19. f5 b5 20. Ne3 Bd7 21. Ng4 Qc4 22. Nh6# 1-0


[Site "https://www.chess.com"]

[Event "Titled Tuesday Blitz April 18 Early 2023"]
[White "Anton Guijarro, David"]
[Black "Lorenzo De La Riva, Lazaro"]
[WhiteFideId "2285525"]
[BlackFideId "2268809"]
[WhiteElo "2618"]
[BlackElo "2294"]
[Result "1-0"]
[Round "04"]
[TimeControl "180+2"]
[Date "2023.04.18"]
[WhiteClock "0:00:48"]
[BlackClock "0:00:07"]

1. Nf3 g6 2. h4 Nf6 3. d4 d5 4. c4 c6 5. cxd5 cxd5 6. Nc3 Nc6 7. Bf4 Bg7 8. e3 O-O 9. Be2 Bf5 10. O-O Ne4 11. Rc1 Nxc3 12. Rxc3 Qa5 13. Qb3 Qb4 14. Rfc1 Qxb3 15. Rxb3 Bc8 16. h5 e6 17. h6 Bf6 18. Ne5 Bxe5 19. Bxe5 f6 20. Bg3 Rf7 21. a3 a6 22. Rb6 Na5 23. b4 Nc4 24. Bxc4 dxc4 25. Rxc4 Kf8 26. e4 Ke8 27. Bd6 Rd7 28. e5 f5 29. a4 g5 30. Rc3 Kf7 31. Rg3 Kg6 32. d5 Rf7 33. Bc5 f4 34. dxe6 fxg3 35. exf7+ Kxf7 36. Rf6+ Ke8 37. e6 Bxe6 38. Rxe6+ Kd7 39. Re7+ Kc6 40. Rxh7 b6 41. Be3 gxf2+ 42. Kxf2 Rf8+ 43. Ke2 Rf6 44. Rh8 1-0


[Site "https://www.chess.com"]

[Event "Titled Tuesday Blitz April 18 Early 2023"]
[White "Molina, Roberto Junio Brito"]
[Black "Gil Alba, Hector Luis"]
[WhiteFideId "2109450"]
[BlackFideId "3504670"]
[WhiteElo "2376"]
[BlackElo "2331"]
[Result "0-1"]
[Round "04"]
[TimeControl "180+2"]
[Date "2023.04.18"]
[WhiteClock "0:01:38"]
[BlackClock "0:01:02"]

1. d4 Nf6 2. c4 e5 3. dxe5 Ng4 4. Bf4 g5 5. Bg3 Bg7 6. Nf3 Nc6 7. Nc3 Ngxe5 8. Nxe5 Nxe5 9. e3 d6 10. Qc2 Be6 11. b3 Qd7 12. h4 h6 13. hxg5 hxg5 14. Rxh8+ Bxh8 15. Rd1 O-O-O 16. Nd5 f5 17. Be2 c6 18. f4 Ng4 19. Bxg4 fxg4 20. fxg5 cxd5 21. cxd5+ Kb8 22. dxe6 Qxe6 23. Bf4 Be5 24. Qe4 Bc3+ 0-1


[Site "https://www.chess.com"]

[Event "Titled Tuesday Blitz April 18 Early 2023"]
[White "Amilal Munkhdalai"]
[Black "Ciorgovean, Iustin"]
[WhiteFideId "4903250"]
[BlackFideId "1242911"]
[WhiteElo "2293"]
[BlackElo "2186"]
[Result "1-0"]
[Round "04"]
[TimeControl "180+2"]
[Date "2023.04.18"]
[WhiteClock "0:00:24"]
[BlackClock "0:00:03"]

1. e4 c6 2. Nf3 d5 3. Nc3 dxe4 4. Nxe4 Nf6 5. Ng3 h5 6. h3 h4 7. Ne2 Bf5 8. d3 e6 9. Nc3 Be7 10. Be2 Nbd7 11. Be3 Nd5 12. Nxd5 exd5 13. Qd2 Nc5 14. O-O-O Ne6 15. Nd4 Nxd4 16. Bxd4 Bf6 17. Qf4 Bxd4 18. Qxd4 Qf6 19. Qxf6 gxf6 20. g4 hxg3 21. fxg3 Ke7 22. h4 Rag8 23. Rdg1 Bg4 24. Kd2 f5 25. Ke3 Bxe2 26. Kxe2 Rg4 27. Kf3 Kf6 28. Rg2 Rhg8 29. Rhg1 a5 30. a3 a4 31. Rh2 f4 32. Rh3 Kf5 33. Rg2 Rh8 34. h5 fxg3 35. Rgxg3 Rxg3+ 36. Kxg3 Kg5 37. Rh4 Rxh5 38. Rxa4 Rh1 39. Ra7 Rc1 40. c3 b5 41. Rxf7 Rc2 42. Rf2 Rc1 43. d4 Rb1 44. Kh3 Kh5 45. Kg3 Kg5 46. Kf3 Kf5 47. Ke3+ Ke6 48. Rh2 Kd6 49. Kd3 Kc7 50. Kc2 Rg1 51. b3 Kb6 52. a4 bxa4 53. bxa4 Rf1 54. Rh6 Ra1 55. Kb3 Kb7 56. Kb4 Kb6 57. a5+ Kb7 58. Rh7+ Ka6 59. Rc7 1-0


[Site "https://www.chess.com"]

[Event "Titled Tuesday Blitz April 18 Early 2023"]
[White "Shuvalova, Polina"]
[Black "Jovic, Stanoje"]
[WhiteFideId "24171760"]
[BlackFideId "905020"]
[WhiteElo "2281"]
[BlackElo "2236"]
[Result "1-0"]
[Round "04"]
[TimeControl "180+2"]
[Date "2023.04.18"]
[WhiteClock "0:01:41"]
[BlackClock "0:00:24"]

1. e4 c6 2. d4 d5 3. exd5 cxd5 4. Bd3 Nc6 5. c3 g6 6. Qc2 Nh6 7. Nf3 f6 8. O-O Nf7 9. Re1 Bg7 10. c4 O-O 11. cxd5 Nb4 12. Qe2 Bg4 13. Bc4 Nxd5 14. h3 Bxf3 15. Qxf3 Nb6 16. Bb3 Qxd4 17. Rxe7 Nc4 18. Nc3 Rfe8 19. Be3 Nfe5 20. Rxe8+ Rxe8 21. Bxd4 Nxf3+ 22. gxf3 Rc8 23. Ne4 b5 24. Nd6 Rd8 25. Nxb5 1-0


[Site "https://www.chess.com"]

[Event "Titled Tuesday Blitz April 18 Early 2023"]
[White "Seemann, Jakub"]
[Black "Eggink, Ryszard"]
[WhiteFideId "21874697"]
[BlackFideId "1125869"]
[WhiteElo "2364"]
[BlackElo "2283"]
[Result "0-1"]
[Round "04"]
[TimeControl "180+2"]
[Date "2023.04.18"]
[WhiteClock "0:01:37"]
[BlackClock "0:00:52"]

1. e4 c5 2. Nf3 d6 3. d4 cxd4 4. Nxd4 Nf6 5. Nc3 a6 6. a3 e5 7. Nf5 d5 8. Bg5 d4 9. Bxf6 gxf6 10. Nb1 Bxf5 11. exf5 Qd5 12. Nd2 Bh6 13. Bd3 Qxg2 14. Rf1 Nd7 15. Ne4 Qxh2 16. Qf3 Qf4 17. Qh5 Ke7 18. Rh1 Bg5 19. Ke2 Rac8 20. Rag1 Nc5 21. Rg4 Nxd3 22. cxd3 Rc2+ 23. Kf1 Qf3 0-1


[Site "https://www.chess.com"]

[Event "Titled Tuesday Blitz April 18 Early 2023"]
[White "Horobetz, Graham"]
[Black "Garakov, Mikhael"]
[WhiteFideId "2047322"]
[BlackFideId "4169034"]
[WhiteElo "2616"]
[BlackElo "2347"]
[Result "1-0"]
[Round "04"]
[TimeControl "180+2"]
[Date "2023.04.18"]
[WhiteClock "0:00:09"]
[BlackClock "0:00:07"]

1. e4 c5 2. Nf3 e6 3. d4 cxd4 4. Nxd4 Nc6 5. Nc3 Qc7 6. Be3 a6 7. a3 Nf6 8. f4 d6 9. Qf3 Bd7 10. Bd3 Rc8 11. g4 h5 12. g5 Ng4 13. Bg1 e5 14. Nxc6 bxc6 15. f5 Qd8 16. h3 Qxg5 17. hxg4 hxg4 18. Qg2 Rxh1 19. Qxh1 Rb8 20. Nd1 g3 21. Be3 g2 22. Qg1 Qg4 23. Bf2 d5 24. Ne3 Qh5 25. Qxg2 Rxb2 26. exd5 Bc5 27. dxc6 Bc8 28. Qd5 Bd4 29. c7 Bd7 30. Bc4 Rb6 31. Qa8+ Ke7 32. Qd8+ Kd6 33. c8=Q Qh1+ 34. Bf1 Rc6 35. Qxc6+ Kxc6 36. Qa8+ 1-0


[Site "https://www.chess.com"]